 Dungeon Crawl Stone Soup version 0.28-a0-1182-g381e24db82 (webtiles) character file.

Game seed: 13428489657680881440

893 ChaosChampion the Insei (level 8, -5/48 HPs)
             Began as an Octopode Transmuter on Dec 17, 2021.
             Was an Initiate of Ru.
             Slain by a gnoll sergeant (6 damage)
             ... on level 5 of the Dungeon.
             The game lasted 00:08:53 (7166 turns).

ChaosChampion the Insei (Octopode Transmuter)       Turns: 7166, Time: 00:08:53

Health: -5/48      AC:  1    Str:  9    XL:     8   Next: 6%
Magic:  9/12       EV: 13    Int: 17    God:    Ru [......]
Gold:   1445       SH:  0    Dex: 13    Spells: 7/13 levels left

rFire   . . .      SeeInvis .     - Unarmed
rCold   . . .      Faith    .   (no shield)
rNeg    . . .      Spirit   .   (helmet restricted)
rPois   .          Reflect  .   (no amulet)
rElec   .          Harm     .   (no ring)
rCorr   .          Rampage  .   (no ring)
Will    .....                   (no ring)
Stlth   ++........              (no ring)
HPRegen 0.16/turn               (no ring)
MPRegen 0.13/turn               (no ring)
                                (no ring)
                                (no ring)

@: wereblooded
A: almost no armour, amphibious, 8 rings, camouflage 1, gelatinous body 1,
(nimble swimmer 1), tentacles
a: Renounce Religion


You were on level 5 of the Dungeon.
You worshipped Ru.
Ru was noncommittal.
You visited 2 branches of the dungeon, and saw 6 of its levels.

You collected 1445 gold pieces.

Inventory:

Jewellery
 m - a +4 ring of protection
Wands
 c - a wand of flame (6)
 h - a wand of polymorph (7)
 j - a wand of paralysis (12)
 o - a wand of iceblast (7)
Scrolls
 b - 4 scrolls of identify
 k - 2 scrolls of noise
 n - a scroll of fog
 p - a scroll of teleportation {unknown}
 q - a scroll of blinking {unknown}
Potions
 a - 2 potions of curing
 d - a potion of lignification {unknown}
 e - 2 potions of attraction {unknown}
 f - a potion of heal wounds {unknown}
 g - a potion of mutation {unknown}
 i - a potion of flight {unknown}
 l - a potion of magic {unknown}


   Skills:
 - Level 1.0 Fighting
 - Level 2.0 Dodging
 * Level 6.9 Unarmed Combat
 - Level 3.0 Spellcasting
 + Level 5.4 Transmutations
 - Level 3.0 Poison Magic


You had 7 spell levels left.
You knew the following spells:

 Your Spells              Type           Power      Damage    Failure   Level
a - Beastly Appendage     Tmut           40%        N/A       1%          1
b - Wereblood             Tmut           20%        N/A       2%          2
c - Spider Form           Tmut/Pois      16%        N/A       10%         3

Your spell library contained the following spells:

 Spells                   Type           Power      Damage    Failure   Level
 Apportation              Tloc           4%         N/A       17%         1
 Magic Dart               Conj           8%         1d3       17%         1
 Blink                    Tloc           4%         N/A       26%         2
 Call Imp                 Summ           2%         N/A       26%         2
 Corpse Rot               Necr/Air       4%         N/A       26%         2
 Ensorcelled Hibernation  Hex/Ice        4%         N/A       26%         2
 Mephitic Cloud           Conj/Pois/Air  5%         N/A       34%         3
 Lesser Beckoning         Tloc           2%         N/A       45%         3
 Tukima's Dance           Hex            2%         N/A       45%         3
 Ice Form                 Ice/Tmut       11%        N/A       50%         4
 Alistair's Intoxication  Tmut/Pois      10%        N/A       65%         5
 Dispel Undead            Necr           2%         3d7       86%         4
 Manifold Assault         Tloc           2%         N/A       99%         5
 Death Channel            Necr           1%         N/A       100%        6


Dungeon Overview and Level Annotations

Branches:
Dungeon (5/15)             Temple (1/1) D:5

Altars:
Ashenzari
Cheibriados
Dithmenos
Gozag
Hepliaklqana
Kikubaaqudgha
Makhleb
Nemelex Xobeh
Okawaru
Ru
Sif Muna
Vehumet
Wu Jian
Xom
Zin
The Shining One

Shops:
D:5 [

Annotations:
D:3 3 runed translucent doors, xoxolimbo's ghost, amateur DsFE
D:5 1 transporter


Innate Abilities, Weirdness & Mutations

You cannot wear most types of armour.
You are amphibious.
You can wear up to eight rings at the same time.
Your skin changes colour to match your surroundings (Stealth+).
Your rubbery body absorbs attacks. (AC +1, EV +1)
((You are camouflaged near water. (Stealth+)))
You have tentacles for arms and can constrict up to eight enemies at once.


Message History

There is a transporter here.
There is a transporter here.
Casting: Wereblood (safe; 3% risk of failure)
Confirm with . or Enter, or press ? or * to list all spells.
You turn into a venomous arachnid creature.
Casting: Spider Form (dangerous; 24% risk of failure)
Confirm with . or Enter, or press ? or * to list all spells.
Your blood is infused with primal strength.
Your transformation is almost over.
You enter the transporter and appear at another place.
The gnoll sergeant closely misses you. The killer bee closely misses you.
You hit the killer bee.
The killer bee is poisoned.
The killer bee is lightly wounded.
The killer bee misses you.
The gnoll sergeant hits you from afar with a +2 spear of flaming.
The gnoll sergeant burns you.
You miss the killer bee.
The killer bee is heavily wounded.
The killer bee stings you but does no damage.
The killer bee misses you.
The gnoll sergeant hits you from afar with a +2 spear of flaming!
The gnoll sergeant burns you.
You barely miss the killer bee.
The killer bee is severely wounded.
The killer bee completely misses you.
The gnoll sergeant hits you from afar with a +2 spear of flaming!
* * * LOW HITPOINT WARNING * * *
The gnoll sergeant burns you.
* * * LOW HITPOINT WARNING * * *
The killer bee misses you.
You kill the killer bee!
You hiss as the wereblood boils in your veins!
You now have 1445 gold pieces (gained 8).
Your transformation has ended.
The gnoll sergeant misses you.
You howl as the wereblood boils in your veins!
The gnoll sergeant hits you from afar with a +2 spear of flaming!
* * * LOW HITPOINT WARNING * * *
The gnoll sergeant burns you.
You die...

#### #...#########..#
∩'.## #..##8$._.$8##.#
##..# #..#...$$$$..#.#
###.######..#..#...#..#.#
....><......#.#.....#.#.#
###.#.......#........©#.#
##.#.......#.#g....#.#.#
#..........#..#.©.#..#.#
#..#.......#...@.$...#.#
##..#..>....##8.....8##.#
.............#########..#
##..#.######.....©.....##
##..#.# ###.....##.##
....#.# #....###.#
###.#.# #.#### #.# #.#.#
#.# #.# #.#.# ##.## #..


You could see a gnoll sergeant.

Vanquished Creatures
  Sigmund (D:3)
  Edmund (D:5)
  A necrophage (D:5)
  Blork the orc (D:5)
  A killer bee (D:5)
  A howler monkey (D:4)
  3 hounds
  A jelly (D:4)
  Jessica (D:2)
  An iguana (D:5)
  A hound skeleton (D:5)
  Robin (D:3)
  A gnoll (D:1)
  A howler monkey skeleton (D:5)
  8 adders
  5 dart slugs
  An orc (D:4)
  10 endoplasms
  4 giant cockroaches
  10 goblins
  5 hobgoblins
  11 jackals
  5 kobolds
  7 quokkas
  11 ball pythons
  3 bats (D:1)
  2 frilled lizards (D:1)
  7 rats
105 creatures vanquished.

Notes
Turn   | Place    | Note
-------+----------+-------------------------------------------
     0 | D:1      | ChaosChampion the Octopode Transmuter began the quest for
                  | the Orb.
     0 | D:1      | Reached XP level 1. HP: 13/13 MP: 3/3
    37 | D:1      | Reached XP level 2. HP: 10/18 MP: 5/5
    40 | D:1      | Learned a level 2 spell: Wereblood
   564 | D:1      | Found a faded altar of an unknown god.
   658 | D:1      | Reached XP level 3. HP: 17/23 MP: 2/6
   662 | D:1      | Learned a level 3 spell: Spider Form
  1497 | D:2      | Reached skill level 4 in Unarmed Combat
  1724 | D:2      | Noticed Jessica
  1737 | D:2      | Killed Jessica
  1738 | D:2      | Reached skill level 1 in Poison Magic
  1738 | D:2      | Reached XP level 4. HP: 18/28 MP: 1/7
  3135 | D:3      | Noticed xoxolimbo's ghost (amateur DsFE)
  3272 | D:3      | Noticed Robin
  3276 | D:3      | Reached XP level 5. HP: 33/33 MP: 4/8
  3283 | D:3      | Killed Robin
  3565 | D:3      | Found a runed translucent gate.
  3565 | D:3      | Found a runed translucent gate.
  3565 | D:3      | Found a runed translucent gate.
  3664 | D:3      | Noticed Sigmund
  3679 | D:3      | Killed Sigmund
  3680 | D:3      | Reached XP level 6. HP: 38/38 MP: 5/10
  4024 | D:4      | Identified a scroll of acquirement
  4024 | D:4      | Acquired 1200 gold pieces
  4584 | D:4      | Reached skill level 5 in Unarmed Combat
  4862 | D:4      | Found a shimmering blue altar of Sif Muna.
  4960 | D:4      | Reached XP level 7. HP: 42/43 MP: 5/11
  5745 | D:4      | Found a sparkling altar of Nemelex Xobeh.
  5961 | D:5      | Entered Level 5 of the Dungeon
  5968 | D:5      | Found Wiojorph's Antique Armour Shop.
  6071 | D:5      | Found a staircase to the Ecumenical Temple.
  6077 | D:5      | Noticed Blork the orc
  6080 | Temple   | Entered the Ecumenical Temple
  6113 | Temple   | Became a worshipper of Ru the Awakened
  6161 | D:5      | Killed Blork the orc
  6406 | D:5      | Noticed Edmund
  6442 | D:5      | Killed Edmund
  6443 | D:5      | Reached skill level 6 in Unarmed Combat
  6443 | D:5      | Reached skill level 5 in Transmutations
  7064 | D:5      | Found a shimmering altar of Xom.
  7070 | D:5      | Reached XP level 8. HP: 42/48 MP: 6/12
  7120 | D:5      | Found a transporter.
  7134 | D:5      | Found a transporter.
  7166 | D:5      | HP: 1/48 [gnoll sergeant (12)]
  7166 | D:5      | Slain by a gnoll sergeant

Illustrated notes

Levels and vault maps discovered:
D:1:      onia_arrival_handbag, layout_basic, ebering_ecumenical_altar_abandoned
D:2:      layout_basic, minmay_misc_feat_square, uniq_jessica
D:3:      layout_loops_ring, gammafunk_ghost_icy, kennysheep_minor_cross,
          uniq_robin, uniq_sigmund
D:4:      layout_loops_corners, kennysheep_mini_moat, nemelex_dance_club_becter
D:5:      layout_loops_ring, gammafunk_temple_overflow_arena,
          minmay_temple_entry_drinking_statues, serial_shops, kennysheep_mini,
          skrybe_limestone_x, minmay_misc_feat_pillars, uniq_blork_the_orc,
          uniq_edmund
Temple:   cyrus_circular_temple

Skill      XL: |  1  2  3  4  5  6  7 |
---------------+----------------------+-----
Unarmed Combat | 4 5 6 |  6.9
Poison Magic   | 1 3 |  3.0
Spellcasting   | 3 |  3.0
Transmutations | 3 4 5 |  5.4
Fighting       | |  1.0
Dodging        | |  2.0

Action                   |  1- 3 |  4- 6 |  7- 9 || total
-------------------------+-------+-------+-------++-------
Melee: Unarmed           |    77 |   124 |    70 ||   271
       Constrict         |    17 |    17 |     6 ||    40
       Tentacles         |    11 |    14 |     4 ||    29
       Kick              |     5 |    12 |     4 ||    21
       Punch             |     2 |     2 |     2 ||     6
 Cast: Beastly Appendage |    12 |    17 |     7 ||    36
       Wereblood         |     7 |    15 |    10 ||    32
       Spider Form       |     2 |    11 |     9 ||    22
  Use: Scroll            |       |     7 |     1 ||     8
 Stab: Sleeping          |     2 |     6 |     1 ||     9
Armor: Skin              |    15 |     5 |     4 ||    24
Dodge: Dodged            |    37 |    77 |    56 ||   170

Table legend: (Time is in decaauts)
 A = Elapsed time spent in this place.
 B = Non-inter-level travel time spent in this place.
 C = Inter-level travel time spent in this place.
 D = Time resting spent in this place.
 E = Time spent auto-exploring this place.
 F = Levels seen in this place.
 G = Mean time per level.
                   A        B        C        D        E       F      G
               +--------+--------+--------+--------+--------+-----+--------+
         Total |   7143 |   7056 |     87 |    188 |   5943 |   6 | 1190.5 |
       Dungeon |   7070 |   6983 |     87 |    188 |   5901 |   5 | 1414.0 |
        Temple |     72 |     72 |      0 |      0 |     42 |   1 |   72.0 |
               +--------+--------+--------+--------+--------+-----+--------+

Top non-repeatable levels by time:
     D:4: 1754 daAuts
     D:2: 1560 daAuts
     D:1: 1481 daAuts
     D:3: 1147 daAuts
     D:5: 1126 daAuts
  Temple: 72 daAuts
